 Dungeon Sprint DCSS version 0.30.1-3-gfc49f6343a (webtiles) character file.

Game seed: 6882239650401136195

8300000 Groucho the Axe Maniac (level 27, -7/198 (228) HPs)
             Began as a Djinni Warper on July 22, 2023.
             Was the Champion of Makhleb.
             Killed from afar by a wretched soul (93 damage)
             ... with a bolt of negative energy
             ... in the Dungeon (Sprint VIII: "Arena of Blood").
             The game lasted 00:03:20 (83 turns).

Groucho the Axe Maniac (Djinni Warper)                Turns: 83, Time: 00:03:21

HP:   -7/198 (228)  AC:  6    Str: 10    XL:     27
Gold: 0             EV: 28    Int: 25    God:    Makhleb [******] SH:  0 Dex: 17

rFire   + + .        i - +∞ Axe of Woe
rCold   x . .        (shield currently unavailable)
rNeg    . . .        b - +0 leather armour
rPois   ∞            (no helmet)
rElec   .            (no cloak)
rCorr   .            (no gloves)
SInv    +            (boots unavailable)
Will    ++...        (no amulet)
Stlth   +++++++++    j - ring of see invisible
HPRegen 0.53/turn    (no ring)
MPRegen 0.00/turn

%: no teleportation, infuse magic (-8 HP)
@: flying, heavily drained
A: sickness immunity, fire resistance 2, cold vulnerability 1, float, innate
caster, HP casting, extra vitality 1
a: Renounce Religion, Minor Destruction, Lesser Servant of Makhleb, Major
Destruction, Greater Servant of Makhleb


You were in the Dungeon.
You worshipped Makhleb.
Makhleb was exalted by your worship.
You visited 1 branch

Inventory:

Hand Weapons
 a - a +0 hand axe
 i - the +∞ Axe of Woe (weapon)
   (You found it in the Dungeon)
Missiles
 d - 7 boomerangs of dispersal
Armour
 b - a +0 leather armour (worn)
Jewellery
 j - a ring of see invisible (left hand)
 k - a +200 ring of slaying
 l - a +200 ring of slaying
Scrolls
 c - 2 scrolls of blinking
Potions
 e - a potion of curing
 f - a potion of heal wounds
 g - a potion of haste
 h - a potion of berserk rage


   Skills:
 O Level 27 Fighting
 O Level 27 Short Blades
 O Level 27 Long Blades
 O Level 27 Axes
 O Level 27 Maces & Flails
 O Level 27 Polearms
 O Level 27 Staves
 O Level 27 Ranged Weapons
 O Level 27 Throwing
 O Level 27 Armour
 O Level 27 Dodging
 O Level 27 Stealth
 O Level 27 Shields
 O Level 27 Unarmed Combat
 O Level 27 Spellcasting
 O Level 27 Invocations
 O Level 27 Evocations


You knew the following spells:

 Your Spells              Type           Power      Damage    Failure   Level
a - Blink                 Tloc           100%       N/A       0%          2
b - Lesser Beckoning      Tloc           100%       N/A       0%          2
c - Vhi's Electric Charg  Tloc/Air       100%       N/A       0%          3
d - Teleport Other        Tloc           100%       N/A       0%          3
e - Manifold Assault      Tloc           100%       N/A       0%          4
f - Slow                  Hex            100%       N/A       0%          1
g - Scorch                Fire           100%       2d9       0%          2
h - Static Discharge      Conj/Air       100%       2-7/arc   0%          2
i - Hailstorm             Conj/Ice       100%       3d20      0%          3
j - Irradiate             Conj/Tmut      53%        3d29      0%          5
k - Blade Hands           Tmut           53%        N/A       0%          5
l - Death Channel         Necr           53%        N/A       0%          6
m - Conjure Ball Lightni  Conj/Air       53%        3x3d18    0%          6
n - Enfeeble              Hex            53%        N/A       0%          7
o - Infestation           Necr           53%        N/A       1%          8
p - Ignition              Fire           53%        3d15      1%          8
q - Dragon's Call         Summ           53%        N/A       1%          9
r - Fire Storm            Conj/Fire      53%        8d13      1%          9
Your spell library was empty.

Dungeon Overview and Level Annotations

Branches:
Dungeon (1/1)

Altars:
Makhleb


Innate Abilities, Weirdness & Mutations

You are immune to sickness and miasma.
You are immune to poison.
Your flesh is very heat resistant. (rF++)
You are vulnerable to cold. (rC-)
You float through the air rather than walking.
You learn spells naturally, not from books.
Your magical power is your life essence.
You have superior vitality. (+4 MHP)


Message History

You hear a shout! x3
The wretched soul breathes negative energy at you.
The bolt of negative energy hits you!!!!
You feel drained.
Ouch! That really hurt!
* * * LOW HITPOINT WARNING * * *
The bolt of negative energy hits the meat beast.
The meat beast completely resists.
You hear a shout!
Your life force feels restored.
You are too injured to fight recklessly!
You chop the sculptor of flesh into pieces!!!
You pulverise the sculptor of flesh into a thin bloody mist.
You destroy the sculptor of flesh!
Makhleb accepts your kill.
You feel better.
You slice the destroyer!!
You butcher the destroyer messily.
You destroy the destroyer!
Makhleb accepts your kill.
You are engulfed in blazing flames.
You resist.
* * * LOW HITPOINT WARNING * * *
The meat beast is engulfed in blazing flames.
You hear a shout!
The bag of meat is engulfed in blazing flames.
The meat berserker rages.
You hear a shout!
Unknown command.
Unknown command.
You slice the meat beast!! You chop the meat beast into pieces.
You kill the meat beast!
Makhleb accepts your kill.
You feel better.
You slice the bag of meat!!
You hew the bag of meat savagely.
You kill the bag of meat!
Makhleb accepts your kill.
The wretched soul appears out of thin air!
A wretched soul comes into view.
You are engulfed in blazing flames.
You resist.
The wretched soul breathes negative energy at you.
The bolt of negative energy hits you!!!!
You feel drained.
You die...

......#.....#
......#_.<._#....
......#.....#...
#.....z.._......
......).###..)§..V
...###)O)....###).
....§#.).§§O.#.).)
....)#..z☼§§o#...)
.....).).§@☼o)..o)
....).)).)§)§.)..#
)..)..)...)W..))#.
))...W)..).)..##..
)).)#)....D..#.)..
°°§)..D.).)..#)..#
...##)#.).).))...)
).)....)....).....
# #....#)...)####.


You could see 2 eight-headed meat hydras, 2 sculptors of flesh, 2 meat
berserkers, 2 wretched souls and 3 bags of meat.

Vanquished Creatures
  6 hell beasts (D)
  2 royal mummies (D)
  A wraith (D)
  11 vampire knights (D)
  26 ogres (D)
  9 two-headed ogres (D)
  2 liches (D)
  A phantom (D)
  57 orcs (D)
  4 skeletal warriors (D)
119 creatures vanquished.

Notes
Turn   | Place    | Note
-------+----------+-------------------------------------------
     0 | D        | Found the +∞ Axe of Woe
     0 | D        | Groucho the Djinni Warper began the quest for the Orb.
     0 | D        | Groucho set off with the following spells memorised: Blink,
                  | Lesser Beckoning, Vhi's Electric Charge, Teleport Other,
                  | Manifold Assault.
     0 | D        | Reached XP level 1. HP: 18/18 MP: 0/0
     2 | D        | Noticed a bag of meat
     4 | D        | Became a worshipper of Makhleb the Destroyer
     5 | D        | Noticed a bag of meat
     7 | D        | Noticed a bag of meat
     7 | D        | Noticed a bag of meat
     7 | D        | Noticed a bag of meat
     8 | D        | Killed a bag of meat
     8 | D        | Killed a bag of meat
     8 | D        | Reached * piety under Makhleb
     8 | D        | Noticed a bag of meat
     8 | D        | Noticed a bag of meat
     9 | D        | Reached XP level 2. HP: 23/23 MP: 0/0
     9 | D        | Reached XP level 3. HP: 28/28 MP: 0/0
     9 | D        | Learned a level 1 spell: Slow
     9 | D        | Reached XP level 4. HP: 33/33 MP: 0/0
     9 | D        | Reached XP level 5. HP: 38/38 MP: 0/0
     9 | D        | Learned a level 2 spell: Scorch
     9 | D        | Reached XP level 6. HP: 43/43 MP: 0/0
     9 | D        | Reached XP level 7. HP: 49/49 MP: 0/0
     9 | D        | Learned a level 2 spell: Static Discharge
     9 | D        | Reached XP level 8. HP: 54/54 MP: 0/0
     9 | D        | Reached XP level 9. HP: 58/58 MP: 0/0
     9 | D        | Learned a level 3 spell: Hailstorm
     9 | D        | Reached XP level 10. HP: 64/64 MP: 0/0
     9 | D        | Reached XP level 11. HP: 68/68 MP: 0/0
     9 | D        | Learned a level 5 spell: Irradiate
     9 | D        | Reached XP level 12. HP: 74/74 MP: 0/0
     9 | D        | Killed a bag of meat
     9 | D        | Noticed a bag of meat
    10 | D        | Reached XP level 13. HP: 78/78 MP: 0/0
    10 | D        | Learned a level 5 spell: Blade Hands
    10 | D        | Noticed a bag of meat
    10 | D        | Noticed a bag of meat
    10 | D        | Noticed a bag of meat
    11 | D        | Noticed a meat berserker
    11 | D        | Killed a bag of meat
    11 | D        | Noticed a bag of meat
    11 | D        | Noticed a bag of meat
    12 | D        | Killed a bag of meat
    12 | D        | Reached ** piety under Makhleb
    12 | D        | Killed a bag of meat
    12 | D        | Killed a bag of meat
    13 | D        | Reached skill level 15 in Spellcasting
    13 | D        | Reached XP level 14. HP: 85/85 MP: 0/0
    13 | D        | Killed a bag of meat
    13 | D        | Reached *** piety under Makhleb
    13 | D        | Noticed a meat berserker
    14 | D        | Reached XP level 15. HP: 89/89 MP: 0/0
    14 | D        | Learned a level 6 spell: Death Channel
    14 | D        | Killed a meat berserker
    14 | D        | Reached **** piety under Makhleb
    14 | D        | Noticed a meat berserker
    15 | D        | Reached skill level 27 in Axes
    15 | D        | Reached XP level 16. HP: 94/94 MP: 0/0
    16 | D        | Killed a meat berserker
    16 | D        | Noticed a meat berserker
    17 | D        | Reached skill level 27 in Dodging
    17 | D        | Reached XP level 17. HP: 99/99 MP: 0/0
    17 | D        | Learned a level 6 spell: Conjure Ball Lightning
    17 | D        | Noticed a meat berserker
    18 | D        | Noticed a large bag of meat
    18 | D        | Reached ***** piety under Makhleb
    18 | D        | Killed a meat berserker
    18 | D        | Noticed a meat berserker
    19 | D        | Reached skill level 27 in Spellcasting
    19 | D        | Reached XP level 18. HP: 116/116 MP: 0/0
    19 | D        | Killed a meat berserker
    19 | D        | Killed a meat berserker
    20 | D        | Reached XP level 19. HP: 147/147 MP: 0/0
    20 | D        | Learned a level 7 spell: Enfeeble
    20 | D        | Killed a large bag of meat
    20 | D        | Reached ****** piety under Makhleb
    22 | D        | Noticed a large bag of meat
    23 | D        | Killed a large bag of meat
    23 | D        | Killed a meat berserker
    23 | D        | Noticed a large bag of meat
    24 | D        | Reached XP level 20. HP: 173/173 MP: 0/0
    24 | D        | Noticed a meat berserker
    24 | D        | Noticed a large bag of meat
    24 | D        | Noticed a large bag of meat
    25 | D        | Noticed a large bag of meat
    26 | D        | Killed a large bag of meat
    26 | D        | Killed a large bag of meat
    26 | D        | Killed a meat berserker
    26 | D        | Noticed a destroyer
    27 | D        | Reached skill level 27 in Fighting
    27 | D        | Reached skill level 27 in Armour
    27 | D        | Reached skill level 27 in Invocations
    27 | D        | Reached XP level 21. HP: 187/187 MP: 0/0
    27 | D        | Learned a level 8 spell: Infestation
    27 | D        | Killed a large bag of meat
    27 | D        | Killed a large bag of meat
    27 | D        | Killed a destroyer
    27 | D        | Noticed a meat berserker
    28 | D        | Reached skill level 27 in Stealth
    28 | D        | Reached skill level 1 in Maces & Flails
    28 | D        | Reached skill level 1 in Polearms
    28 | D        | Reached skill level 1 in Ranged Weapons
    28 | D        | Reached XP level 22. HP: 194/194 MP: 0/0
    29 | D        | Noticed a meat berserker
    30 | D        | Killed a meat berserker
    30 | D        | Killed a meat berserker
    31 | D        | Noticed a destroyer
    31 | D        | Killed a destroyer
    31 | D        | Noticed a meat berserker
    32 | D        | Killed a meat berserker
    33 | D        | Reached skill level 10 in Short Blades
    33 | D        | Reached skill level 10 in Long Blades
    33 | D        | Reached skill level 10 in Staves
    33 | D        | Reached XP level 23. HP: 201/201 MP: 0/0
    33 | D        | Learned a level 8 spell: Ignition
    37 | D        | Noticed a destroyer
    41 | D        | Noticed a destroyer
    42 | D        | Killed a destroyer
    48 | D        | Noticed an accursed
    48 | D        | Killed an accursed
    48 | D        | Killed a destroyer
    49 | D        | Reached skill level 15 in Maces & Flails
    49 | D        | Reached skill level 15 in Polearms
    49 | D        | Reached skill level 15 in Ranged Weapons
    49 | D        | Reached skill level 15 in Throwing
    49 | D        | Reached XP level 24. HP: 208/208 MP: 0/0
    50 | D        | Reached XP level 25. HP: 214/214 MP: 0/0
    50 | D        | Learned a level 9 spell: Dragon's Call
    52 | D        | Noticed a tyrant
    53 | D        | Noticed a destroyer
    53 | D        | Noticed a large bag of meat
    55 | D        | Killed a large bag of meat
    56 | D        | Killed a destroyer
    56 | D        | Killed a tyrant
    56 | D        | Noticed a destroyer
    57 | D        | Reached XP level 26. HP: 221/221 MP: 0/0
    57 | D        | Noticed an accursed
    57 | D        | Killed a destroyer
    57 | D        | Killed an accursed
    59 | D        | Noticed a tyrant
    60 | D        | Noticed a meat beast
    61 | D        | Reached XP level 27. HP: 228/228 MP: 0/0
    61 | D        | Learned a level 9 spell: Fire Storm
    63 | D        | Killed a meat beast
    64 | D        | Reached skill level 27 in Shields
    64 | D        | Reached skill level 27 in Unarmed Combat
    64 | D        | Reached skill level 27 in Evocations
    64 | D        | Noticed a destroyer
    65 | D        | Noticed a large bag of meat
    65 | D        | Noticed a destroyer
    66 | D        | Noticed a destroyer
    67 | D        | Noticed a meat beast
    67 | D        | Noticed a large bag of meat
    68 | D        | Killed a destroyer
    68 | D        | Killed a tyrant
    69 | D        | Reached skill level 27 in Short Blades
    69 | D        | Reached skill level 27 in Long Blades
    69 | D        | Reached skill level 27 in Staves
    69 | D        | Noticed a meat beast
    70 | D        | Killed a destroyer
    70 | D        | Noticed a dread
    71 | D        | Reached skill level 27 in Maces & Flails
    71 | D        | Reached skill level 27 in Polearms
    71 | D        | Reached skill level 27 in Ranged Weapons
    71 | D        | Reached skill level 27 in Throwing
    71 | D        | Killed a meat beast
    71 | D        | Noticed a meat beast
    71 | D        | Noticed a destroyer
    72 | D        | Noticed a destroyer
    73 | D        | Killed a meat beast
    73 | D        | Killed a destroyer
    74 | D        | Killed a meat beast
    76 | D        | Killed a large bag of meat
    77 | D        | Noticed a meat beast
    77 | D        | Killed a dread
    80 | D        | Killed a large bag of meat
    80 | D        | Killed a destroyer
    80 | D        | Noticed a meat beast
    80 | D        | Noticed a large bag of meat
    81 | D        | Killed a meat beast
    82 | D        | Killed a destroyer
    83 | D        | Killed a meat beast
    83 | D        | Killed from afar by a wretched soul

Illustrated notes

Levels and vault maps discovered:
D:        meatsprint

Skill      XL: |  1  2  3  4  5  6  7  8  9 10 11 12 13 14 15 16 17 18 19 20 21 22 23 24 25 26 27 |
---------------+----------------------------------------------------------------------------------+-----
Axes           | 17 19 23 27 | 27.0
Dodging        | 16 18 21 22 25 27 | 27.0
Spellcasting   | 12 13 15 16 18 22 27 | 27.0
Fighting       | 6 16 24 27 | 27.0
Armour         | 6 16 24 27 | 27.0
Invocations    | 6 16 24 27 | 27.0
Stealth        | 13 27 | 27.0
Short Blades   | 2 10 16 17 20 23 27 | 27.0
Long Blades    | 2 10 16 17 20 23 27 | 27.0
Maces & Flails | 1 9 15 18 21 27 | 27.0
Polearms       | 1 9 15 18 21 27 | 27.0
Staves         | 2 10 16 17 20 23 27 | 27.0
Ranged Weapons | 1 9 15 18 21 27 | 27.0
Throwing       | 2 9 15 18 21 27 | 27.0
Shields        | 2 11 17 18 22 24 27 | 27.0
Unarmed Combat | 2 11 17 18 22 24 27 | 27.0
Evocations     | 2 11 17 18 22 24 27 | 27.0

Action                     |  1- 3 |  4- 6 |  7- 9 | 10-12 | 13-15 | 16-18 | 19-21 | 22-24 | 25-27 || total
---------------------------+-------+-------+-------+-------+-------+-------+-------+-------+-------++-------
  Melee: Executioner's axe |     1 |       |       |     1 |     9 |    11 |    15 |    19 |    42 ||    98
   Cast: Manifold Assault  |       |       |       |       |     2 |     3 |     4 |     7 |     6 ||    22
  Dodge: Dodged            |       |       |       |       |       |       |       |       |     3 ||     3
